 Dungeon Crawl Stone Soup version 0.27-a0-1084-g78b3836a5f (webtiles) character file.

Game seed: 10988451882007076134

91 porpoise the Digger (level 4, -3/27 HPs)
             Began as an Octopode Earth Elementalist on Apr 27, 2021.
             Slain by an orc priest
             ... wielding a +0 hand axe
              (4 damage)
             ... on level 3 of the Dungeon.
             The game lasted 00:06:24 (3380 turns).

porpoise the Digger (Octopode Earth Elementalist)   Turns: 3380, Time: 00:06:26

Health: -3/27      AC:  1    Str:  7    XL:     4   Next: 59%
Magic:  2/7        EV: 13    Int: 18    God:
Gold:   51         SH:  0    Dex: 12    Spells: 3/7 levels left

rFire    . . .     SeeInvis .   a - +1 dagger (speed)
rCold    . . .     Faith    .   (no shield)
rNeg     . . .     Spirit   .   (helmet restricted)
rPois    .         Reflect  .   (no amulet)
rElec    .         Harm     .   (no ring)
rCorr    .         Rampage  .   (no ring)
Will     .....                  (no ring)
Stlth    +++.......             (no ring)
HPRegen  0.09/turn              (no ring)
MPRegen  0.10/turn              (no ring)
                                (no ring)
                                (no ring)

@: no status effects
A: almost no armour, amphibious, 8 rings, camouflage 1, gelatinous body 1,
(nimble swimmer 1), tentacles
a: no special abilities


You were on level 3 of the Dungeon.
You visited 1 branch of the dungeon, and saw 3 of its levels.

You collected 51 gold pieces.

Inventory:

Hand Weapons
 a - a +1 dagger of speed (weapon)
 w - a +0 long sword
Missiles
 b - 37 stones
 l - 17 bolts
Scrolls
 c - a scroll of blinking {unknown}
 e - a scroll of fog {unknown}
 h - 2 scrolls of noise {unknown}
 j - a scroll of enchant armour {unknown}
 k - a scroll of identify {unknown}
Potions
 d - a potion of curing {unknown}
 f - a potion of haste {unknown}
 g - a potion of brilliance {unknown}
 i - a potion of might {unknown}


   Skills:
 * Level 3.2 Dodging
 + Level 3.8 Stealth
 - Level 2.0 Spellcasting
 - Level 1.0 Transmutations
 * Level 4.0 Earth Magic


You had 3 spell levels left.
You knew the following spells:

 Your Spells              Type           Power      Damage    Failure   Level
a - Sandblast             Erth           32%        2d9       3%          1
s - Stone Arrow           Conj/Erth      18%        3d8       24%         3

Your spell library contained the following spells:

 Spells                   Type           Power      Damage    Failure   Level
 Passwall                 Tmut/Erth      8%         N/A       10%         2
 Beastly Appendage        Tmut           10%        N/A       12%         1
 Wereblood                Tmut           5%         N/A       19%         2
 Spider Form              Tmut/Pois      1%         N/A       41%         3
 Petrify                  Tmut/Erth      10%        N/A       54%         4
 Lee's Rapid Deconstruct  Erth           8%         3d8*      67%         5
 Ice Form                 Ice/Tmut       3%         N/A       82%         4
 Hydra Form               Tmut           2%         N/A       97%         5


Dungeon Overview and Level Annotations

Branches:
Dungeon (3/15)

Altars:


Innate Abilities, Weirdness & Mutations

You cannot wear most types of armour.
You are amphibious.
You can wear up to eight rings at the same time.
Your skin changes colour to match your surroundings (Stealth+).
Your rubbery body absorbs attacks. (AC +1, EV +1)
((You are camouflaged near water. (Stealth+)))
You have tentacles for arms and can constrict up to eight enemies at once.


Message History

Press: ? - help, Shift-Dir - straight line, f - orc priest
Aim: an orc priest, wielding a +0 hand axe and wearing a +0 leather armour (79% to hit)
The blast of sand hits the orc priest.
The orc priest is lightly wounded.
Casting: Sandblast (safe; 3% risk of failure)
Confirm with . or Enter, or press ? or * to list all spells.
Aiming: Sandblast (safe; 3% risk of failure)
Press: ? - help, Shift-Dir - straight line, f/p - orc priest
Aim: an orc priest, wielding a +0 hand axe and wearing a +0 leather armour (lightly wounded, 79% to hit)
The blast of sand hits the orc priest but does no damage.
The orc priest is lightly wounded.
The orc priest hits you with a +0 hand axe.
Casting: Sandblast (safe; 3% risk of failure)
Confirm with . or Enter, or press ? or * to list all spells.
Aiming: Sandblast (safe; 3% risk of failure)
Press: ? - help, Shift-Dir - straight line, f/p - orc priest
Aim: an orc priest, wielding a +0 hand axe and wearing a +0 leather armour (lightly wounded, 79% to hit)
The blast of sand hits the orc priest.
The orc priest is moderately wounded.
The orc priest mumbles some strange prayers to Beogh against you.
Pain shoots through your body!
Ouch! That really hurt!
* * * LOW HITPOINT WARNING * * *
Casting: Sandblast (safe; 3% risk of failure)
Confirm with . or Enter, or press ? or * to list all spells.
Aiming: Sandblast (safe; 3% risk of failure)
Press: ? - help, Shift-Dir - straight line, f/p - orc priest
Aim: an orc priest, wielding a +0 hand axe and wearing a +0 leather armour (moderately wounded, 79% to hit)
The blast of sand hits the orc priest.
The orc priest is severely wounded.
The orc priest misses you.
Casting: Sandblast (safe; 3% risk of failure)
Confirm with . or Enter, or press ? or * to list all spells.
Aiming: Sandblast (safe; 3% risk of failure)
Press: ? - help, Shift-Dir - straight line, f/p - orc priest
Aim: an orc priest, wielding a +0 hand axe and wearing a +0 leather armour (severely wounded, 79% to hit)
The blast of sand hits the orc priest but does no damage.
The orc priest is severely wounded.
The orc priest hits you with a +0 hand axe.
You die...

##.#.# #.#.#
#...# ##..#
#..# #..####
#########>...#
..........##.#
###...@o.# #
#..).).#
#.........
###+#+#####


You could see an orc priest.

Vanquished Creatures
  Terence (D:2)
  An adder (D:2)
  3 dart slugs (D:1)
  2 orcs (D:3)
  3 ball pythons
  4 endoplasms
  4 giant cockroaches
  4 goblins
  6 hobgoblins
  4 kobolds
  3 quokkas
  4 bats
  A frilled lizard (D:2)
  5 rats
45 creatures vanquished.

Notes
Turn   | Place    | Note
-------+----------+-------------------------------------------
     0 | D:1      | porpoise the Octopode Earth Elementalist began the quest
                  | for the Orb.
     0 | D:1      | Reached XP level 1. HP: 11/11 MP: 3/3
   293 | D:1      | Reached XP level 2. HP: 17/17 MP: 5/5
   655 | D:1      | Found a faded altar of an unknown god.
  1054 | D:1      | Reached XP level 3. HP: 9/21 MP: 3/6
  1952 | D:1      | Learned a level 3 spell: Stone Arrow
  2058 | D:2      | Noticed Terence
  2069 | D:2      | Killed Terence
  2070 | D:2      | Reached XP level 4. HP: 13/27 MP: 0/7
  2953 | D:2      | Reached skill level 4 in Earth Magic
  3378 | D:3      | HP: 1/27 [orc priest/nerve-wracking pain (14)]
  3380 | D:3      | Slain by an orc priest

Illustrated notes

Levels and vault maps discovered:
D:1:      amcnicky_arrival_flooded_fountain, layout_basic,
          chequers_ecumenical_altar_simple
D:2:      layout_basic, kennysheep_flooded_box, kennysheep_small_spiral,
          uniq_terence
D:3:      layout_basic, nicolae_qazlal_style_of_elements,
          uniq_crazy_yiuf_cottage, uniq_ijyb

Skill      XL: |  1  2  3  4 |
---------------+-------------+-----
Stealth        | 3 |  3.8
Dodging        | 3 |  3.2
Earth Magic    | 4 |  4.0
Spellcasting   | |  2.0
Transmutations | |  1.0

Action                   |  1- 3 |  4- 6 || total
-------------------------+-------+-------++-------
Melee: Long sword        |    22 |       ||    22
       Tentacles         |     5 |     5 ||    10
       Constrict         |    10 |     7 ||    17
       Dagger            |    31 |    39 ||    70
 Cast: Sandblast         |     9 |     8 ||    17
 Stab: Sleeping          |     8 |     6 ||    14
Armor: Skin              |     4 |     3 ||     7
Dodge: Dodged            |    29 |    10 ||    39
       Rpst.: Long sword |     5 |       ||     5

Table legend: (Time is in decaauts)
 A = Elapsed time spent in this place.
 B = Non-inter-level travel time spent in this place.
 C = Inter-level travel time spent in this place.
 D = Time resting spent in this place.
 E = Time spent auto-exploring this place.
 F = Levels seen in this place.
 G = Mean time per level.
                   A        B        C        D        E       F      G
               +--------+--------+--------+--------+--------+-----+--------+
         Total |   3364 |   3323 |     41 |   1568 |   1436 |   3 | 1121.3 |
       Dungeon |   3364 |   3323 |     41 |   1568 |   1436 |   3 | 1121.3 |
               +--------+--------+--------+--------+--------+-----+--------+

Top non-repeatable levels by time:
     D:1: 1977 daAuts
     D:2: 1341 daAuts
     D:3: 45 daAuts
